 Dungeon Crawl Stone Soup version 0.22.1-1-ga44c0e56f4 (webtiles) character file.

205260 LLavrengius the Unseen (level 18, -2/102 HPs)
             Began as a Spriggan Enchanter on Oct 21, 2018.
             Was an Initiate of Gozag.
             Slain by an Executioner (6 damage)
             ... summoned by a deep elf demonologist
             ... on level 3 of the Elven Halls on Oct 22, 2018.
             The game lasted 04:05:51 (41168 turns).

LLavrengius the Unseen (Spriggan Enchanter)        Turns: 41168, Time: 04:05:53

Health: -2/102     AC: 11    Str:  9    XL:     18   Next: 3%
Magic:  0/38       EV: 32    Int: 26    God:    Gozag
Gold:   2754       SH:  3    Dex: 21    Spells: 6/47 levels left

rFire    . . .     SeeInvis +   C - +12 Vampire's Tooth {vamp}
rCold    . . .     Gourm    .   (shield restricted)
rNeg     + . .     Faith    .   o - +2 robe {MR+}
rPois    .         Spirit   +   t - +1 hat
rElec    .         Reflect  +   H - scarf {Spirit}
rCorr    .         Harm     .   (gloves unavailable)
MR       +++++                  (boots unavailable)
Stlth    +++++++...             n - amulet of Untruth {Reflect Dex+2 SH+3}
HPRegen  0.27/turn              f - ring "Qiasu" {rN+ MR+ Str+4 Int+7 Dex-2}
MPRegen  0.26/turn              J - +4 ring of protection

@: silence, very slightly contaminated, drained, invisible, very quick
A: very small, unfitting armour, molten scales 1, see invisible, clever 1,
herbivore, speed 3, robust 1, slow metabolism 2, weak 1, wild magic 1
}: 1/15 runes: gossamer
a: Renounce Religion


You were on level 3 of the Elven Halls.
You worshipped Gozag.
Gozag was most pleased with you.
You were not hungry.

You visited 6 branches of the dungeon, and saw 31 of its levels.
You also visited: Sewer and Ossuary.

You collected 11159 gold pieces.
You spent 4967 gold pieces at shops.
You paid 3438 gold pieces to Gozag.

Inventory:

Hand Weapons
 w - a +0 blowgun
 C - the +12 Vampire's Tooth (weapon) {vamp}
   (You found it on level 13 of the Dungeon)

   It inflicts no extra harm, but heals its wielder when it wounds a living foe.
 U - the +8 fustibalus "Asopadul" {velocity, Int+3}
   (You bought it in a shop on level 2 of the Orcish Mines)

   Any stone fired from it inflicts extra damage.
   It affects your intelligence (+3).
 V - the +10 zealot's sword {holy, *Rage rN+ EV+3}
   (You found it on level 9 of the Dungeon)

   It has been blessed by the Shining One to cause great damage to the undead
   and demons.
   It affects your evasion (+3).
   It protects you from negative energy.
   It may make you go berserk in combat.
Missiles
 b - 4 needles of paralysis
 u - 2 throwing nets
 x - 95 poisoned needles
 W - 220 sling bullets
 Y - 5 poisoned tomahawks (quivered)
Armour
 m - a +0 buckler of protection
 o - a +2 robe of magic resistance (worn)
 t - a +1 hat (worn)
 H - a scarf of spirit shield (worn)
Jewellery
 f - the ring "Qiasu" (left hand) {rN+ MR+ Str+4 Int+7 Dex-2}
   (You found it on level 2 of the Spider Nest)

   [ring of protection from magic]

   It affects your strength (+4).
   It affects your intelligence (+7).
   It affects your dexterity (-2).
   It protects you from negative energy.
   It affects your resistance to hostile enchantments.
 n - the amulet of Untruth (around neck) {Reflect Dex+2 SH+3}
   (You found it on level 6 of the Lair of Beasts)

   [amulet of reflection]

   It shields you and reflects attacks.
   It affects your dexterity (+2).
   It affects your SH (+3).
 G - an uncursed ring of protection from cold
 J - a +4 ring of protection (right hand)
 S - an uncursed ring of protection from fire
Wands
 c - a wand of clouds (4)
 y - a wand of iceblast (9)
 I - a wand of disintegration (15)
 N - a wand of flame (169)
 O - a wand of acid (25)
 Z - a wand of digging (20)
Scrolls
 a - 3 scrolls of amnesia
 e - 19 scrolls of remove curse
 g - 4 scrolls of magic mapping
 j - 16 scrolls of teleportation
 p - 4 scrolls of blinking
 K - 4 scrolls of fear
 L - 2 scrolls of fog
 M - 5 scrolls of identify
 P - 2 scrolls of vulnerability
 Q - a scroll of summoning
 X - 3 scrolls of immolation
Potions
 h - 3 potions of might
 i - 4 potions of mutation
 k - 3 potions of haste
 l - 4 potions of brilliance
 q - 3 potions of invisibility
 s - 7 potions of flight
 v - 5 potions of magic
 z - 4 potions of heal wounds
 A - 8 potions of curing
 B - 2 potions of resistance
 E - 3 potions of cancellation
 F - 3 potions of agility
 R - 6 potions of ambrosia
Miscellaneous
 r - a lamp of fire
 D - a sack of spiders
 T - a lamp of fire
Comestibles
 d - 45 rations


   Skills:
 - Level 10.0(9.6) Fighting
 - Level 9.0(12.2) Short Blades
 - Level 11.2(11.6) Long Blades
 - Level 7.1(6.7) Slings
 - Level 15.0(14.6) Dodging
 - Level 20.0(19.5) Stealth
 * Level 4.6(4.2) Shields
 + Level 15.0(14.6) Spellcasting
 + Level 15.5(15.0) Hexes
 + Level 11.6(11.2) Charms
 + Level 3.3(3.0) Summonings
 - Level 2.0(1.6) Necromancy
 - Level 2.0(1.7) Translocations
 - Level 5.0(4.6) Ice Magic
 - Level 8.1(7.7) Poison Magic
 - Level 5.1(4.8) Evocations


You had 6 spell levels left.
You knew the following spells:

 Your Spells              Type           Power        Failure   Level  Hunger
a - Tukima's Dance        Hex            #######.     1%          3    None
b - Ensorcelled Hibernat  Hex/Ice        ######       1%          2    None
c - Confuse               Hex            #######.     1%          3    None
d - Dazzling Spray        Conj/Hex       ######       1%          3    None
e - Apportation           Tloc           #####.       2%          1    None
f - Invisibility          Hex            #######.     1%          6    ####...
g - Poisonous Vapours     Pois/Air       ######       1%          2    None
h - Olgreb's Toxic Radia  Pois           ######..     2%          4    None
i - Regeneration          Chrm/Necr      ######....   1%          3    None
j - Summon Mana Viper     Hex/Summ       ######..     3%          5    #......
k - Cause Fear            Hex            #######...   1%          4    None
l - Silence               Hex/Air        ######....   6%          5    #......

Your spell library contained the following spells:

 Spells                   Type           Power        Failure   Level  Hunger
 Corona                   Hex            #######      1%          1    None
 Freeze                   Ice            ####         1%          1    None
 Sting                    Conj/Pois      ####         1%          1    None
 Summon Butterflies       Summ           #####...     1%          1    None
 Slow                     Hex            #######.     1%          2    None
 Inner Flame              Hex/Fire       ######..     1%          3    None
 Ozocubu's Armour         Chrm/Ice       ######..     1%          3    None
 Portal Projectile        Hex/Tloc       ######       1%          3    None
 Summon Guardian Golem    Hex/Summ       ######..     1%          3    None
 Darkness                 Hex            #######...   1%          6    ####...
 Animate Skeleton         Necr           N/A          2%          1    None
 Pain                     Necr           ####         2%          1    None
 Leda's Liquefaction      Hex/Erth       ######....   2%          4    None
 Throw Frost              Conj/Ice       #####.       3%          2    None
 Spider Form              Tmut/Pois      ######....   3%          3    None
 Sublimation of Blood     Necr           #####.....   4%          2    None
 Beastly Appendage        Tmut           ###...       5%          1    None
 Flame Tongue             Conj/Fire      ###..        5%          1    None
 Mephitic Cloud           Conj/Pois/Air  #####...     5%          3    None
 Sticks to Snakes         Tmut           ###.....     7%          2    None
 Throw Flame              Conj/Fire      ###...       7%          2    None
 Lesser Beckoning         Tloc           #####.....   7%          3    None
 Vampiric Draining        Necr           #####.....   7%          3    None
 Summon Ice Beast         Ice/Summ       ######..     10%         4    None
 Conjure Flame            Conj/Fire      ###.....     13%         3    None
 Ice Form                 Ice/Tmut       #####...     16%         4    None
 Throw Icicle             Conj/Ice       #####...     16%         4    None
 Animate Dead             Necr           N/A          21%         4    None
 Alistair's Intoxication  Tmut/Pois      ######..     22%         5    #......
 Venom Bolt               Conj/Pois      ######....   22%         5    #......
 Airstrike                Air            ###.......   36%         4    None
 Petrify                  Tmut/Erth      ###.....     36%         4    None
 Sticky Flame             Conj/Fire      ###.....     36%         4    None
 Blade Hands              Tmut           ###.......   71%         5    #......
 Fireball                 Conj/Fire      ###.......   71%         5    #......
 Lightning Bolt           Conj/Air       ###.......   71%         5    #......
 Freezing Cloud           Conj/Ice/Air   #####.....   96%         6    ####...
 Statue Form              Tmut/Erth      ###......    99%         6    ####...
 Ring of Flames           Chrm/Fire      ######....   96%         7    ######.


Dungeon Overview and Level Annotations

Branches:
Dungeon (15/15)            Temple (1/1) D:4            Lair (6/6) D:10
 Shoals (0/4) Lair:2       Spider (4/4) Lair:4        Slime (0/5) Lair:6
    Orc (2/2) D:11            Elf (3/3) Orc:2        Vaults (0/5) D:13
 Depths (0/5) D:15

Altars:
Ashenzari
Cheibriados
Dithmenos
Elyvilon
Fedhas
Gozag
Hepliaklqana
Kikubaaqudgha
Makhleb
Nemelex Xobeh
Okawaru
Qazlal
Ru
Sif Muna
Trog
Uskayaw
Vehumet
Wu Jian
Xom
Yredelemnul
Zin
The Shining One
Beogh

Shops:
D:8 :   D:9 !:   D:10 *   Orc:2 *%?[[=[:(

Portals:
Pandemonium: Orc:2
Trove: Elf:1 (give 20 potions of curing)

Annotations:
D:10 exclusion: obsidian statue
D:12 exclusion: obsidian statue
Lair:1 exclusion: 2 oklob plants


Innate Abilities, Weirdness & Mutations

You are very small and have problems with some larger weapons.
You are too small for most types of armour.
You have supernaturally acute eyesight. (SInv)
You are a herbivore.
You cover ground extremely quickly.
You need to consume almost no food.
You are partially covered in molten scales. (AC +2)
Your mind is acute. (Int +2)
You are robust. (+10% HP)
You are weak. (Str -2)
Your spells are a little harder to cast, but a little more powerful.


Message History

The Executioner is heavily wounded.
The Executioner hits you. x3
A deep elf demonologist comes into view.
It is wielding a short sword.
You puncture the Executioner!
The Executioner is severely wounded.
The Executioner hits you! You block the Executioner's attack.
The Executioner completely misses you.
The earth elemental disappears in a puff of smoke!
The Executioner hits you!! The Executioner hits you!
* * * LOW HITPOINT WARNING * * *
The Executioner hits you but does no damage.
The Executioner hits you!
* * * LOW HITPOINT WARNING * * *
The Executioner hits you.
* * * LOW HITPOINT WARNING * * *
The Executioner completely misses you. The Executioner hits you!
* * * LOW HITPOINT WARNING * * *
The Executioner hits you!
You die...
Your body crumbles into a pile of gold.

#ยง.e4.......#
#Ee########.#
.########...# #.#
........e1..# #.#
.......$...## #.#
.######e#e### #.#
##..e...## #.#
####.1......## #.#
#...@........## #.##
#.#.).........####..#
#.#............'....#
#<##...........'....#
#.###.........####..#
#.# ##.......## #..#
#.# ##.....## #..#
#.# ####### #..# #.#
#..#


You could see a deep elf blademaster, a Brimstone Fiend, a deep elf master
archer (wandering), a deep elf death mage, an Executioner, a deep elf sorcerer,
a deep elf elementalist and an earth elemental (wandering).

Vanquished Creatures
  Arachne (Spider:2)
  Rupert (Spider:1)
  Jorgrun (Spider:2)
  A frost giant (D:15)
  2 deep elf sorcerers (Elf:3)
  3 ghost moths
  A deep elf elementalist (Elf:3)
  6 emperor scorpions (Spider:4)
  2 vampire knights
  A deep elf demonologist (Elf:3)
  A deep elf annihilator (Elf:1)
  3 spark wasps (Spider:4)
  A deep elf death mage (Elf:1)
  The ghost of Heimad the Severer, a journeyman HOFi of Nemelex Xobeh (D:13)
  2 ettins
  A deep elf high priest (Elf:1)
  A fire dragon (Lair:6)
  A yaktaur captain (D:13)
  3 vault guards (D:13)
  Erolcha (Orc:1)
  8 hydras
  A two-headed ogre (D:15)
  2 catoblepae
  4 centaur warriors
  3 death yaks (Lair:6)
  Urug (D:13)
  6 orc high priests
  A sun demon (Orc:2)
  9 deep elf knights
  3 wizards (D:13)
  An unseen horror (D:13)
  2 gelid demonspawn (Orc:2)
  2 deep elf archers (Elf:1)
  A torturous demonspawn (Orc:2)
  An infernal demonspawn (Orc:2)
  Pikel (D:7)
  A swamp dragon (Lair:6)
  24 wolf spiders
  A wolf spider zombie (D:15)
  17 orb spiders
  5 orc knights
  15 ugly things
  6 orc sorcerers (Orc:2)
  35 deep elf magi
  4 cyclopes
  An oklob plant (Lair:1)
  A manticore (D:13)
  A centaur zombie (D:14)
  2 moths of wrath
  17 elephants
  6 black mambas
  A torpor snail (Spider:4)
  A rust devil (Orc:2)
  4 centaur skeletons
  13 spiny frogs
  10 komodo dragons
  9 demonic crawlers
  2 efreet
  4 rime drakes
  A hellwing (Orc:2)
  A merfolk (Lair:2)
  2 tyrant leeches (D:13)
  27 jumping spiders
  3 meliai (D:15)
  10 polar bears
  7 trolls
  2 raiju (Lair:6)
  3 hornets
  17 blink frogs
  8 dream sheep
  5 hippogriffs
  5 slime creatures (D:14)
  The ghost of martinkus the Magician, an amateur DEFE of Vehumet (D:6)
  4 vampires
  Sigmund (D:4)
  68 redbacks
  3 air elementals
  2 ynoxinuls (Orc:2)
  3 fire elementals (Elf:2)
  27 tarantellas
  3 water elementals
  A shadow (D:12)
  49 yaks
  A steam dragon (Lair:6)
  A wraith (D:14)
  A hog (shapeshifter) (D:14)
  18 humans (D:13)
  A hungry ghost (D:15)
  A vampire mosquito (D:13)
  6 wargs
  4 acid dragons
  11 water moccasins
  15 hell hounds (Lair:6)
  A swamp drake (Lair:6)
  12 porcupines
  12 black bears
  2 sky beasts
  30 orc warriors
  5 ice beasts
  A phantom (D:10)
  4 slaves (D:7)
  7 ogres
  62 wolves
  8 crocodiles
  13 centaurs
  5 big kobolds
  13 bullfrogs
  A wyvern zombie (D:6)
  An elf skeleton (D:7)
  An earth elemental (Elf:2)
  A wyvern skeleton (D:15)
  4 scorpions
  9 wights
  5 electric eels
  A bullfrog zombie (D:8)
  2 crimson imps
  4 hounds
  A human zombie (D:7)
  15 orc priests
  2 jellies
  A quasit (D:10)
  11 orc wizards
  A human skeleton (D:7)
  6 iguanas
  11 worker ants
  8 big kobold zombies (Ossuary)
  A mummy (Ossuary)
  A hound zombie (D:10)
  Robin (D:2)
  4 gnolls (D:6)
  13 adders
  A howler monkey skeleton (D:8)
  2 river rats (Sewer)
  A shadow imp (D:14)
  3 oozes
  2 adder skeletons
  2 worms
  2 dart slugs
  7 leopard geckos
  80 orcs
  2 spectral bats (Ossuary)
  4 ball pythons
  6 bats
  8 giant cockroaches
  4 gnoll zombies (Ossuary)
  10 goblins
  8 hobgoblins
  13 jackals
  4 quokkas
  3 bat simulacra (Ossuary)
  A frilled lizard (D:1)
  7 goblin simulacra (Ossuary)
  6 goblin zombies (Ossuary)
  4 hobgoblin zombies (Ossuary)
  15 kobolds
  4 kobold simulacra (Ossuary)
  2 kobold zombies (Ossuary)
  3 orc skeletons (D:7)
  4 orc zombies (Ossuary)
  A quokka skeleton (D:9)
  9 rats
  2 rat simulacra (Ossuary)
  2 spectral goblins (Ossuary)
  4 spectral kobolds (Ossuary)
  5 spectral rats (Ossuary)
1083 creatures vanquished.

Vanquished Creatures (others)
  A deep elf death mage (Elf:3)
  20 dancing weapons
  A wizard (D:13)
  An orc priest (Orc:2)
  An orc (D:8)
  2 hobgoblin zombies (Ossuary)
  A spectral rat (Ossuary)
  2 fungi
  12 plants
41 creatures vanquished.

Grand Total: 1124 creatures vanquished

Notes
Turn   | Place    | Note
-------+----------+-------------------------------------------
     0 | D:1      | LLavrengius the Spriggan Enchanter began the quest for the
                  | Orb.
     0 | D:1      | Reached XP level 1. HP: 9/9 MP: 5/5
   433 | D:1      | Reached XP level 2. HP: 13/13 MP: 4/6
   437 | D:1      | Reached skill level 5 in Stealth
   449 | D:1      | Learned a level 2 spell: Ensorcelled Hibernation
  1690 | D:2      | Reached skill level 1 in Ice Magic
  1690 | D:2      | Reached XP level 3. HP: 16/16 MP: 8/8
  1715 | D:2      | Noticed Robin
  1902 | D:2      | Killed Robin
  2193 | D:2      | Learned a level 3 spell: Confuse
  2815 | D:2      | Reached XP level 4. HP: 7/21 MP: 6/9
  3604 | D:3      | Found a glowing golden altar of the Shining One.
  4092 | D:3      | Reached skill level 5 in Hexes
  4166 | D:3      | Found a sparkling altar of Nemelex Xobeh.
  4166 | D:3      | Found a radiant altar of Vehumet.
  4515 | D:3      | Reached XP level 5. HP: 7/24 MP: 2/10
  4524 | D:3      | Gained mutation: Your mind is acute. (Int +2) [potion of
                  | mutation]
  4524 | D:3      | Gained mutation: You are partially covered in molten
                  | scales. (AC +2) [potion of mutation]
  4524 | D:3      | Gained mutation: Your spells are a little harder to cast,
                  | but a little more powerful. [potion of mutation]
  4570 | D:4      | Found a glowing drain.
  4595 | Sewer    | Entered a sewer
  4819 | Sewer    | Learned a level 3 spell: Tukima's Dance
  5339 | Sewer    | Reached XP level 6. HP: 26/28 MP: 7/13
  5412 | D:4      | Learned a level 3 spell: Dazzling Spray
  5417 | D:4      | Noticed Sigmund
  5486 | D:4      | Killed Sigmund
  5486 | D:4      | Reached skill level 1 in Slings
  5486 | D:4      | Reached XP level 7. HP: 26/32 MP: 11/15
  5515 | D:4      | Found a sacrificial altar of Ru.
  5565 | D:4      | Found an iron altar of Okawaru.
  5618 | D:5      | Entered Level 5 of the Dungeon
  5622 | D:5      | Reached skill level 5 in Spellcasting
  6179 | D:5      | Reached skill level 6 in Stealth
  6179 | D:5      | Reached XP level 8. HP: 36/36 MP: 17/17
  6356 | D:4      | Found a staircase to the Ecumenical Temple.
  6364 | Temple   | Entered the Ecumenical Temple
  6440 | Temple   | Became a worshipper of Gozag Ym Sagoz the Greedy
  7361 | D:6      | Reached skill level 7 in Stealth
  7691 | D:6      | Found a runed door.
  7696 | D:6      | Found a shimmering altar of Xom.
  7696 | D:6      | Noticed a falchion of chaos
  7696 | D:6      | Noticed martinkus's ghost (amateur DEFE)
  8060 | D:6      | Reached skill level 5 in Slings
  8159 | D:6      | Killed martinkus's ghost
  8159 | D:6      | Reached skill level 8 in Stealth
  8318 | D:6      | Reached skill level 5 in Short Blades
  8391 | D:6      | Reached skill level 1 in Evocations
  8491 | D:7      | Found a snail-covered altar of Cheibriados.
  8499 | D:7      | Reached XP level 9. HP: 39/39 MP: 19/19
  8844 | D:7      | Found a sand-covered staircase.
  8852 | Ossuary  | Entered an ossuary
  9814 | D:7      | Reached skill level 1 in Fighting
  9814 | D:7      | Reached skill level 9 in Stealth
 10203 | D:7      | Noticed Pikel
 10754 | D:7      | Killed Pikel
 11338 | D:8      | Found Upairch's Book Shop.
 11341 | D:8      | Bought a book of Party Tricks for 600 gold pieces
 11558 | D:8      | Reached skill level 10 in Stealth
 11576 | D:8      | Reached XP level 10. HP: 27/49 MP: 14/20
 11745 | D:8      | Noticed a two-headed hydra
 11829 | D:8      | Killed a two-headed hydra
 11829 | D:8      | Reached skill level 5 in Evocations
 12405 | D:9      | Learned a level 1 spell: Apportation
 12483 | D:9      | Found Lokkoc's Distillery.
 12488 | D:9      | Bought a potion of degeneration for 13 gold pieces
 12522 | D:9      | Found Cafuegha's Book Shop.
 12853 | D:9      | Found a basalt altar of Yredelemnul.
 12873 | D:9      | Found a basalt altar of Yredelemnul.
 12895 | D:9      | Found a stormy altar of Qazlal.
 13003 | D:9      | Found a roughly hewn altar of Beogh.
 13271 | D:9      | Found the +10 zealot's sword {holy, *Rage rN+ EV+3}
 13304 | D:9      | Found a radiant altar of Vehumet.
 13442 | D:10     | Entered Level 10 of the Dungeon
 13474 | D:10     | Found a staircase to the Lair.
 13555 | D:10     | Noticed an obsidian statue
 13559 | D:10     | Found Paeden's Assorted Antiques.
 13887 | D:10     | Reached skill level 5 in Fighting
 14152 | D:11     | Noticed a white ugly thing
 14239 | D:10     | Killed a white ugly thing
 14462 | D:11     | Reached skill level 10 in Hexes
 14848 | D:11     | Found a staircase to the Orcish Mines.
 14907 | D:11     | Reached XP level 11. HP: 56/56 MP: 18/21
 15849 | D:12     | Noticed an obsidian statue
 15964 | D:12     | Reached skill level 5 in Dodging
 16355 | D:9      | Bought a manual of Long Blades for 1435 gold pieces
 16821 | Lair:1   | Entered Level 1 of the Lair of Beasts
 16855 | Lair:1   | Noticed a four-headed hydra
 16974 | Lair:1   | Killed a four-headed hydra
 16974 | Lair:1   | Reached skill level 1 in Long Blades
 17611 | Lair:1   | Found an ancient bone altar of Kikubaaqudgha.
 17615 | Lair:1   | Noticed an oklob plant
 17618 | Lair:1   | Killed an oklob plant
 17866 | Lair:1   | Noticed an oklob plant
 17866 | Lair:1   | Noticed an oklob plant
 19187 | Lair:1   | Reached XP level 12. HP: 55/60 MP: 25/25
 19567 | Lair:2   | Reached skill level 5 in Long Blades
 20257 | Lair:2   | Found a staircase to the Shoals.
 20761 | Lair:2   | Learned a level 6 spell: Invisibility
 21325 | Lair:3   | Reached skill level 10 in Spellcasting
 21383 | Lair:3   | Reached skill level 10 in Dodging
 21556 | Lair:3   | Reached XP level 13. HP: 63/63 MP: 28/28
 22556 | Lair:4   | Found a hole to the Spider Nest.
 22751 | Lair:4   | Identified a scroll of acquirement
 23098 | Lair:4   | Reached skill level 15 in Hexes
 23980 | D:8      | Bought a manual of Stealth for 1324 gold pieces
 23980 | D:8      | Bought a book of Debilitation for 480 gold pieces
 24361 | Lair:5   | Reached skill level 11 in Stealth
 24684 | Lair:5   | Reached skill level 12 in Stealth
 25284 | Lair:6   | Entered Level 6 of the Lair of Beasts
 25419 | Lair:6   | Found a staircase to the Slime Pits.
 25422 | Lair:6   | Reached skill level 13 in Stealth
 25452 | Lair:6   | Reached XP level 14. HP: 63/69 MP: 28/30
 26304 | Lair:6   | Reached skill level 14 in Stealth
 26409 | Lair:6   | Identified Sif Muna's Disquisition on Entrancing
                  | Transmigration
 26723 | Lair:6   | Reached skill level 10 in Long Blades
 26999 | Lair:6   | Identified the amulet of Untruth {Reflect Dex+2 SH+3} (You
                  | found it on level 6 of the Lair of Beasts)
 27085 | Lair:6   | Identified the +6 rapier of Fate {elec, +Rage MR+ Dex+2}
                  | (You found it on level 6 of the Lair of Beasts)
 27590 | Orc:1    | Entered Level 1 of the Orcish Mines
 27694 | Orc:1    | Reached skill level 15 in Stealth
 27814 | Orc:1    | Noticed Erolcha
 27969 | Orc:1    | Killed Erolcha
 28241 | Orc:2    | Entered Level 2 of the Orcish Mines
 28245 | Orc:2    | Found a staircase to the Elven Halls.
 28308 | Orc:2    | Found Tivemot's Magic Scroll Emporium.
 28553 | Orc:2    | Found Rirphume's General Store.
 28556 | Orc:2    | Found Pirghouky's Food Emporium.
 28609 | Orc:2    | Reached skill level 5 in Ice Magic
 29631 | D:9      | Bought a Young Poisoner's Handbook for 520 gold pieces
 29634 | D:9      | Learned a level 2 spell: Poisonous Vapours
 29639 | D:9      | Learned a level 4 spell: Olgreb's Toxic Radiance
 29802 | D:12     | Identified Odaur's Handbook of the Oath and the Voyage
 29887 | D:13     | Found a runed door.
 29896 | D:13     | Noticed Urug
 29900 | D:13     | Reached skill level 1 in Poison Magic
 29910 | D:13     | Reached skill level 16 in Stealth
 29961 | D:13     | Noticed a vampire knight
 29962 | D:13     | Found the +12 Vampire's Tooth {vamp}
 29964 | D:13     | Killed Urug
 29984 | D:13     | Killed a vampire knight
 30216 | D:13     | Noticed Heimad's ghost (journeyman HOFi)
 30333 | D:13     | Reached XP level 15. HP: 75/75 MP: 31/31
 30460 | D:13     | Found a gate to the Vaults.
 31300 | D:13     | Killed Heimad's ghost
 31304 | D:13     | Identified the Disquisition on Evil Magic and
                  | Weightlessness
 31395 | D:14     | Reached skill level 17 in Stealth
 31490 | D:14     | Reached skill level 5 in Poison Magic
 32099 | D:14     | Gained mutation: You are robust. (+10% HP) [mutagenic glow]
 32325 | D:15     | Entered Level 15 of the Dungeon
 32385 | D:15     | Reached skill level 18 in Stealth
 32678 | D:15     | Found a glowing golden altar of the Shining One.
 32752 | D:15     | Reached skill level 15 in Dodging
 32830 | D:15     | Found a staircase to the Depths.
 32830 | D:15     | Noticed a frost giant
 32833 | D:15     | Killed a frost giant
 33295 | Spider:1 | Entered Level 1 of the Spider Nest
 33472 | Spider:1 | Noticed Rupert
 33625 | Spider:1 | Killed Rupert
 33625 | Spider:1 | Reached skill level 19 in Stealth
 33876 | Spider:1 | Reached XP level 16. HP: 88/88 MP: 32/32
 34133 | Spider:1 | Learned a level 3 spell: Regeneration
 34188 | Spider:2 | Noticed Arachne
 34216 | Spider:2 | Killed Arachne
 34216 | Spider:2 | Reached skill level 1 in Necromancy
 34216 | Spider:2 | Reached skill level 1 in Translocations
 34236 | Spider:2 | Noticed Jorgrun
 34249 | Spider:2 | Killed Jorgrun
 34249 | Spider:2 | Reached skill level 1 in Charms
 34316 | Spider:2 | Got a glittering wooden ring
 34317 | Spider:2 | Identified the ring "Qiasu" {rN+ MR+ Str+4 Int+7 Dex-2}
                  | (You found it on level 2 of the Spider Nest)
 35423 | Spider:4 | Entered Level 4 of the Spider Nest
 35826 | Spider:4 | Reached skill level 20 in Stealth
 35869 | Spider:4 | Reached skill level 5 in Charms
 36925 | Spider:4 | Got a gossamer rune of Zot
 37052 | Spider:4 | Reached XP level 17. HP: 91/96 MP: 21/35
 38135 | Orc:2    | Found Duituxt's Antique Weapon Shop.
 38135 | Orc:2    | Found a one-way gate leading to the halls of Pandemonium.
 38135 | Orc:2    | Found Deifioto's Book Boutique.
 38138 | Orc:2    | Reached skill level 10 in Charms
 38163 | Orc:2    | Bought an ancient fustibalus for 400 gold pieces
 38163 | Orc:2    | Identified the +8 fustibalus "Asopadul" {velocity, Int+3}
                  | (You bought it in a shop on level 2 of the Orcish Mines)
 38173 | Orc:2    | Bought a +0 buckler of protection for 195 gold pieces
 38179 | Orc:2    | Learned a level 5 spell: Summon Mana Viper
 38184 | Orc:2    | Learned a level 4 spell: Cause Fear
 38263 | Elf:1    | Entered Level 1 of the Elven Halls
 38549 | Elf:1    | Found a portal to a secret trove of treasure.
 38791 | Elf:1    | Reached skill level 1 in Shields
 38828 | Elf:1    | Reached skill level 1 in Summonings
 39000 | Elf:1    | Reached skill level 10 in Fighting
 39682 | Elf:2    | Gained mutation: You are weak. (Str -2) [mutagenic glow]
 39951 | Elf:2    | Found a runed gate.
 39951 | Elf:2    | Found a runed gate.
 39954 | Elf:2    | Found a runed gate.
 40989 | Elf:3    | Entered Level 3 of the Elven Halls
 41046 | Elf:3    | Noticed a Tzitzimitl
 41048 | Elf:3    | Reached skill level 15 in Spellcasting
 41073 | Elf:2    | Learned a level 5 spell: Silence
 41109 | Elf:3    | Reached XP level 18. HP: 102/102 MP: 24/38
 41144 | Elf:3    | Noticed a Brimstone Fiend
 41168 | Elf:3    | HP: 4/102 [Executioner[a deep elf demonologist] (9)]
 41168 | Elf:3    | Slain by an Executioner

Skill      XL: |  1  2  3  4  5  6  7  8  9 10 11 12 13 14 15 16 17 |
---------------+----------------------------------------------------+-----
Stealth        | 5 6 8 10 13 16 19 20 | 20.0
Short Blades   | 2 3 5 7 9 |  9.0
Ice Magic      | 1 2 3 5 |  5.0
Hexes          | 4 5 6 7 8 10 12 14 15 | 15.5
Spellcasting   | 3 4 5 6 8 10 11 13 15 | 15.0
Slings         | 1 3 5 6 7 |  7.1
Evocations     | 1 4 5 |  5.1
Fighting       | 3 5 7 9 10 | 10.0
Dodging        | 7 10 12 13 15 | 15.0
Long Blades    | 4 6 9 11 | 11.2
Poison Magic   | 2 8 |  8.1
Necromancy     | 2 |  2.0
Translocations | 2 |  2.0
Charms         | 8 11 | 11.6
Shields        | 4 |  4.6
Summonings     | 3 |  3.3

Action                   |  1- 3 |  4- 6 |  7- 9 | 10-12 | 13-15 | 16-18 || total
-------------------------+-------+-------+-------+-------+-------+-------++-------
Melee: Dagger            |   180 |   224 |    57 |       |       |       ||   461
       Short sword       |       |       |   213 |   440 |   636 |       ||  1289
       Rapier            |       |       |   311 |       |       |       ||   311
       Eudemon blade     |       |       |       |    46 |    51 |       ||    97
       Quick blade       |       |       |       |       |   456 |  1019 ||  1475
 Fire: Hunting sling     |     1 |     3 |       |    29 |     3 |       ||    36
       Blowgun           |       |       |       |     7 |       |       ||     7
Throw: Stone             |     1 |     1 |     3 |       |       |       ||     5
       Tomahawk          |       |       |    15 |     1 |     5 |       ||    21
 Cast: Corona            |     8 |       |       |       |       |       ||     8
       Ensorcelled Hiber |    33 |    46 |    50 |   212 |   213 |    19 ||   573
       Confuse           |     1 |     6 |    17 |    39 |   107 |    29 ||   199
       Invisibility      |       |       |       |     4 |    16 |    12 ||    32
       Olgreb's Toxic Ra |       |       |       |       |     5 |    29 ||    34
       Poisonous Vapours |       |       |       |       |     1 |     1 ||     2
       Silence           |       |       |       |       |       |     2 ||     2
Invok: Call Merchant     |       |       |       |       |       |     4 ||     4
       Potion Petition   |       |       |       |       |       |     1 ||     1
Evoke: Wand              |       |       |       |     1 |     1 |     1 ||     3
       Lamp of fire      |       |       |       |     1 |       |       ||     1
  Use: Scroll            |       |     8 |     5 |    13 |     9 |    10 ||    45
       Potion            |       |     3 |       |       |     2 |     1 ||     6
 Stab: Sleeping          |    18 |    32 |    72 |   130 |   163 |    50 ||   465
       Confused          |       |     3 |     9 |    18 |    74 |    17 ||   121
       Distracted        |       |     1 |     2 |     5 |     9 |    11 ||    28
       Invisible         |       |       |       |    37 |   132 |    50 ||   219
  Eat: Ration            |     1 |     3 |     4 |     6 |    11 |     6 ||    31
Armor: Robe              |    15 |    24 |    59 |    30 |    29 |    53 ||   210
Dodge: Dodged            |   147 |   177 |   275 |   309 |   641 |   548 ||  2097
Block: Other             |       |       |       |       |    38 |    54 ||    92
       Reflection        |       |       |       |       |       |     1 ||     1
       Rpst.: Eudemon blade |       |       |       |    12 |     8 |       ||    20
